 Dungeon Crawl Stone Soup version 0.27-a0-1586-gd5c625afe7 (webtiles) character file.

Game seed: 2760087279766784546

2048 HAL9000 the Slicer (level 9, -3/45 HPs)
             Began as a Vine Stalker Brigand on July 18, 2021.
             Slain by an unseen horror (8 damage)
             ... on level 6 of the Dungeon.
             The game lasted 00:12:16 (6152 turns).

HAL9000 the Slicer (Vine Stalker Brigand)           Turns: 6152, Time: 00:12:16

Health: -3/45      AC:  5    Str: 17    XL:     9   Next: 24%
Magic:  0/10       EV: 11    Int: 12    God:
Gold:   303        SH:  0    Dex: 15    Spells: 8/8 levels left

rFire    + . .     SeeInvis .   a - +2 dagger
rCold    + . .     Faith    .   (no shield)
rNeg     . . .     Spirit   +   i - +2 robe {rC+ rF+}
rPois    .         Reflect  .   (no helmet)
rElec    .         Harm     .   c - +0 cloak
rCorr    .         Rampage  .   (no gloves)
Will     +....                  (no boots)
Stlth    ++++......             (no amulet)
HPRegen  1.15/turn              (no ring)
MPRegen  0.12/turn              (no ring)

@: no status effects
A: fangs 3, regeneration 1, magic shield, antimagic bite, no potion heal 2
a: no special abilities


You were on level 6 of the Dungeon.
You visited 1 branch of the dungeon, and saw 6 of its levels.

You collected 303 gold pieces.

Inventory:

Hand Weapons
 a - a +2 dagger (weapon)
Missiles
 b - 4 javelins
 d - 43 poisoned darts (quivered)
 e - a curare-tipped dart
 n - 12 boomerangs
Armour
 c - a +0 cloak (worn)
 i - a +2 robe of resistance (worn)
Wands
 s - a wand of digging (1)
 u - a wand of mindburst (15)
Scrolls
 f - a scroll of immolation {unknown}
 h - a scroll of vulnerability {unknown}
 l - a scroll of silence
 m - a scroll of teleportation
 o - a scroll of amnesia {unknown}
 r - a scroll of magic mapping {unknown}
Potions
 g - a potion of might
 j - a potion of haste
 k - a potion of curing {unknown}
 p - a potion of heal wounds {unknown}
 t - a potion of berserk rage {unknown}
 w - a potion of mutation {unknown}


   Skills:
 + Level 4.1 Fighting
 + Level 9.0 Short Blades
 - Level 4.0 Throwing
 - Level 0.7 Dodging
 - Level 7.1 Stealth


You had 8 spell levels left.
You didn't know any spells.
Your spell library contained the following spells:

 Spells                   Type           Power      Damage    Failure   Level
 Magic Dart               Conj           0%         1d3       32%         1
 Call Imp                 Summ           0%         N/A       45%         2
 Mephitic Cloud           Conj/Pois/Air  0%         N/A       69%         3
 Animate Dead             Necr           0%         N/A       97%         4
 Borgnjor's Vile Clutch   Necr/Erth      0%         N/A       100%        5
 Death Channel            Necr           0%         N/A       100%        6


Dungeon Overview and Level Annotations

Branches:
Dungeon (6/15)
 Temple: D:4-7

Altars:
Cheibriados
Uskayaw
Vehumet
Wu Jian

Shops:
D:3 *

Annotations:
D:4 2 transporters, sollk's ghost, weakling TrFi


Innate Abilities, Weirdness & Mutations

You have razor-sharp teeth.
Your natural rate of healing is unusually fast.
When hurt, damage is shared between your health and your magic reserves.
Your bite disrupts and absorbs the magic of your enemies.
Potions cannot restore your health.


Message History

You see here 16 bolts.
There is a stone staircase leading up, spattered with blood here.
You climb upwards.
There is a stone staircase leading down, spattered with blood here.
Unknown command.
You see here 13 stones.
There is a stone staircase leading down here.
You climb downwards.
There is a stone staircase leading up here.
Found 7 gold pieces.
There is a strange disturbance nearby!
There is a strange disturbance nearby!
As you read the scroll of identify, it crumbles to dust.
q - 2 potions of degeneration Drop what? 22/52 slots (_ for help) (? for menu, Esc to quit)
You drop 2 potions of degeneration.
Something hits you.
Deactivating autopickup; reactivate with Ctrl-A.
You miss something. You bite something. Something hits you.
You hit something. Your bite misses something. Something hits you.
Something hits you. Something hits you! Something hits you. Something hits you.
Something hits you. Something hits you.
You see here 16 gold pieces.
Something hits you but does no damage. Something hits you. x2
Something hits you. Something hits you!
You hit something. Your bite misses something.
Something hits you but does no damage. Something hits you. Something hits you.
Something hits you!
* * * LOW HITPOINT WARNING * * *
Something hits you!
* * * LOW HITPOINT WARNING * * *
Something hits you!
You die...

...#####.........#...............
...........(.....................
.......###.....#..###............
.......# ##..###..........!......
.......####.##........###.#......
.......##.#...........###.#......
.................................
....##.#.............>##...$.....
....##.##.####..@............##..
....##.#..####.####...####...##..
...........##..# ##..# #....#...
.......(.......##...............#
...............##...........#...#
###.<.......##..............###..
...........................## #..
...##....................... ...
#..#.................#..#...


There were no monsters in sight!

Vanquished Creatures
  Sigmund (D:5)
  Eustachio (D:5)
  Menkaure (D:5)
  A black bear (D:6)
  5 ogres
  3 centaurs
  A kobold brigand (D:5)
  Blork the orc (D:5)
  A wyvern zombie (D:4)
  A scorpion (D:6)
  4 hounds
  A gnoll shaman (D:4)
  A jelly (D:5)
  2 centaur skeletons (D:6)
  Terence (D:3)
  3 orc wizards
  7 gnolls
  8 adders
  4 dart slugs
  2 worms
  22 orcs
  4 ball pythons
  11 endoplasms
  3 giant cockroaches
  9 goblins
  5 hobgoblins
  7 jackals
  8 quokkas
  7 bats
  3 frilled lizards
  6 kobolds
  8 rats
142 creatures vanquished.

Notes
Turn   | Place    | Note
-------+----------+-------------------------------------------
     0 | D:1      | HAL9000 the Vine Stalker Brigand began the quest for the
                  | Orb.
     0 | D:1      | Reached XP level 1. HP: 11/11 MP: 2/2
   330 | D:1      | Reached XP level 2. HP: 8/15 MP: 1/3
   926 | D:1      | Reached XP level 3. HP: 5/18 MP: 1/4
  1946 | D:2      | Gained mutation: Your natural rate of healing is unusually
                  | fast. [Vine Stalker growth]
  1946 | D:2      | Reached XP level 4. HP: 16/23 MP: 3/5
  2357 | D:3      | Reached skill level 2 in Short Blades
  2579 | D:3      | Reached skill level 3 in Short Blades
  2579 | D:3      | Reached XP level 5. HP: 26/26 MP: 6/6
  2587 | D:3      | HP: 1/26 [orc (6)]
  2866 | D:3      | Found Righygga's Assorted Antiques.
  2917 | D:3      | Noticed Terence
  2925 | D:3      | Killed Terence
  3155 | D:3      | Found an ornate altar of the Wu Jian Council.
  3370 | D:3      | Noticed a centaur
  3392 | D:3      | Killed a centaur
  3393 | D:3      | Reached skill level 4 in Short Blades
  3393 | D:3      | Reached XP level 6. HP: 11/30 MP: 2/7
  3481 | D:4      | Found a radiant altar of Vehumet.
  3499 | D:4      | Noticed sollk's ghost (weakling TrFi)
  3549 | D:4      | Found a hide-covered altar of Uskayaw.
  3651 | D:4      | Reached skill level 5 in Short Blades
  3763 | D:4      | Reached XP level 7. HP: 34/34 MP: 8/8
  3874 | D:4      | Identified the +7 dire flail "Hepoju Jaho" {vorpal, rF+
                  | Int+2}
  3876 | D:4      | Found a transporter.
  3879 | D:4      | Found a transporter.
  4118 | D:4      | Reached skill level 6 in Short Blades
  4468 | D:5      | Entered Level 5 of the Dungeon
  4622 | D:5      | Noticed Menkaure
  4701 | D:5      | Noticed Sigmund
  4704 | D:5      | Killed Sigmund
  4705 | D:5      | Gained mutation: You have razor-sharp teeth. [Vine Stalker
                  | growth]
  4705 | D:5      | Reached XP level 8. HP: 39/39 MP: 9/9
  4936 | D:5      | Reached skill level 7 in Short Blades
  4955 | D:5      | Noticed Eustachio
  4962 | D:5      | Killed Eustachio
  5008 | D:5      | Killed Menkaure
  5030 | D:5      | Reached skill level 8 in Short Blades
  5198 | D:5      | Found a snail-covered altar of Cheibriados.
  5205 | D:5      | Noticed Blork the orc
  5218 | D:5      | Killed Blork the orc
  5463 | D:6      | Reached XP level 9. HP: 44/44 MP: 10/10
  5941 | D:6      | Reached skill level 9 in Short Blades
  6152 | D:6      | Slain by an unseen horror

Illustrated notes

Levels and vault maps discovered:
D:1:      wander_arrival_chamber, layout_basic, chequers_serial_rivers_large_a
D:2:      layout_loops_ring, chequers_arboretum
D:3:      layout_basic, nicolae_wu_jian_immortal_techniques, serial_shops, shop,
          chequers_hall_statues_corner_a, uniq_terence
D:4:      layout_loops_ring, fiery_altar_vehumet,
          mainiacjoe_overflow_tiny_flanked, gammafunk_ghost_smash,
          hangedman_abyss_or_decor_stabs
D:5:      layout_rooms, mainiacjoe_overflow_alcove_1, uniq_eustachio,
          uniq_sigmund, uniq_menkaure, uniq_blork_the_orc
D:6:      layout_cave_pools

Skill      XL: |  1  2  3  4  5  6  7  8  9 |
---------------+----------------------------+-----
Throwing       | 2 3 4 |  4.0
Short Blades   | 3 4 5 6 8 9 |  9.0
Fighting       | 2 3 4 |  4.1
Stealth        | 6 7 |  7.1
Dodging        | |  0.7

Action                   |  1- 3 |  4- 6 |  7- 9 || total
-------------------------+-------+-------+-------++-------
Melee: Dagger            |   100 |   179 |   212 ||   491
       Bite              |    25 |    50 |    72 ||   147
Throw: Dart              |    14 |    26 |    85 ||   125
       Throwing net      |       |       |     2 ||     2
       Boomerang         |       |       |    11 ||    11
  Use: Scroll            |       |     3 |     3 ||     6
 Stab: Sleeping          |     9 |     7 |     7 ||    23
       Held in net/web   |       |       |     1 ||     1
Armor: Robe              |    21 |    28 |    56 ||   105
Dodge: Dodged            |    51 |    79 |   130 ||   260

Table legend: (Time is in decaauts)
 A = Elapsed time spent in this place.
 B = Non-inter-level travel time spent in this place.
 C = Inter-level travel time spent in this place.
 D = Time resting spent in this place.
 E = Time spent auto-exploring this place.
 F = Levels seen in this place.
 G = Mean time per level.
                   A        B        C        D        E       F      G
               +--------+--------+--------+--------+--------+-----+--------+
         Total |   6037 |   5849 |    188 |    826 |   3674 |   6 | 1006.2 |
       Dungeon |   6037 |   5849 |    188 |    826 |   3674 |   6 | 1006.2 |
               +--------+--------+--------+--------+--------+-----+--------+

Top non-repeatable levels by time:
     D:1: 1576 daAuts
     D:3: 1196 daAuts
     D:4: 1024 daAuts
     D:5: 943 daAuts
     D:2: 752 daAuts
     D:6: 542 daAuts
